 Dungeon Crawl Stone Soup version 0.31-a0-175-g9f7f995f2b (webtiles) character file.

Game seed: 13958928637566450552

682 Anon1729 the Trooper (level 7, -2/53 (61) HPs)
             Began as a Minotaur Monk on June 16, 2023.
             Was a Believer of Uskayaw.
             Slain by a wight
             ... wielding a +0 spear
              (8 damage)
             ... on level 6 of the Dungeon.
             The game lasted 00:02:48 (5004 turns).

Anon1729 the Trooper (Minotaur Monk)                Turns: 5004, Time: 00:02:49

HP:   -2/53 (61)    AC:  5    Str: 15    XL:     7   Next: 34%
MP:   8/8           EV: 14    Int:  7    God:    Uskayaw [**....]
Gold: 441           SH:  0    Dex: 15    Spells: 6/6 levels left

rFire   + . .        D - +0 dagger (venom)
rCold   . . .        d - orb {light}
rNeg    . . .        b - +0 robe
rPois   +            (helmet restricted)
rElec   .            q - +0 cloak
rCorr   .            t - +0 pair of gloves
SInv    .            p - +0 pair of boots
Will    .....        x - amulet of regeneration
Stlth   +            s - ring of protection from fire
HPRegen 1.08/turn    E - ring of poison resistance
MPRegen 0.11/turn

%: no passive effects
@: glowing, studying Conjurations, heavily drained
A: horns 2, retaliatory headbutt
a: Renounce Religion, Stomp, Line Pass


You were on level 6 of the Dungeon.
You worshipped Uskayaw.
Uskayaw was noncommittal.
You visited 2 branches of the dungeon, and saw 7 of its levels.

You collected 442 gold pieces.
You spent 1 gold pieces at shops.

Inventory:

Hand Weapons
 a - a +0 short sword
 D - a +0 dagger of venom (weapon)
 H - a -3 quick blade
Missiles
 F - a throwing net
Armour
 b - a +0 robe (worn)
 d - an orb of light (worn)
 o - a scarf of shadows
 p - a +0 pair of boots (worn)
 q - a +0 cloak (worn)
 t - a +0 pair of gloves (worn)
Jewellery
 e - an amulet of faith
 s - a ring of protection from fire (left hand)
 x - an amulet of regeneration (around neck)
 y - a ring of positive energy
 B - a ring of positive energy
 E - a ring of poison resistance (right hand)
 I - an amulet of guardian spirit
Wands
 G - a wand of iceblast (12)
Scrolls
 g - 5 scrolls of identify {unknown}
 i - a scroll of noise {unknown}
 k - 2 scrolls of fear {unknown}
 m - a scroll of silence {unknown}
 r - 3 scrolls of teleportation {unknown}
 w - a scroll of fog {unknown}
 z - a scroll of amnesia {unknown}
 A - 2 scrolls of enchant weapon {unknown}
Potions
 c - a potion of ambrosia
 f - a potion of invisibility {unknown}
 h - 2 potions of magic {unknown}
 j - 2 potions of mutation {unknown}
 l - 2 potions of heal wounds {unknown}
 n - 3 potions of curing {unknown}
 u - 2 potions of enlightenment {unknown}
 v - a potion of haste {unknown}
 C - 2 potions of lignification {unknown}


   Skills:
 + Level 5.6 Fighting
 + Level 5.2 Short Blades
 + Level 4.0 Armour
 + Level 5.2 Dodging
 + Level 3.2 Invocations


You had 6 spell levels left.
You didn't know any spells.
Your spell library contained the following spells:

 Spells                   Type           Power      Damage    Failure   Level
 Call Canine Familiar     Summ           0%         N/A       80%         3
 Portal Projectile        Hex/Tloc       0%         N/A       80%         3
 Animate Dead             Necr           0%         N/A       99%         4
 Leda's Liquefaction      Hex/Erth       0%         N/A       99%         4
 Borgnjor's Vile Clutch   Necr/Erth      0%         N/A       100%        5
 Death Channel            Necr           0%         N/A       100%        6


Dungeon Overview and Level Annotations

Branches:
Dungeon (6/15)             Temple (1/1) D:5

Altars:
Ashenzari
Cheibriados
Fedhas
Gozag
Hepliaklqana
Kikubaaqudgha
Makhleb
Nemelex Xobeh
Okawaru
Qazlal
Ru
Sif Muna
Trog
Uskayaw
Yredelemnul
Zin
The Shining One

Shops:
D:1 =   D:5 *

Annotations:
D:4 1 runed translucent door, t4s4d4r's ghost, amateur DgFi


Innate Abilities, Weirdness & Mutations

You have a pair of horns on your head.
You reflexively headbutt those who attack you in melee.


Message History

The wight is heavily damaged.
The ufetubus barely misses you.
The ufetubus hits you but does no damage.
You can now pass through a line of other dancers.
You barely miss the wight. Your headbutt misses the wight.
The wight is heavily damaged.
The wight misses you. The wight completely misses you. You furiously retaliate!
You headbutt the wight. The wight hits you but does no damage.
The wight hits you with a +1 dagger.
You feel drained. The ufetubus misses you. The ufetubus barely misses you.
You hit the wight but do no damage. You headbutt the wight.
The wight is severely damaged.
The ufetubus hits you. The ufetubus closely misses you.
The wight closely misses you. x2; You furiously retaliate!
You headbutt the wight. The wight hits you with a +0 battleaxe!
You feel drained. The wight closely misses you.
You are too injured to fight recklessly!
You are too injured to fight recklessly!
You are too injured to fight recklessly!
You are too injured to fight recklessly!
You are too injured to fight recklessly!
You are too injured to fight recklessly!
You are too injured to fight recklessly!
You are too injured to fight recklessly!
You are too injured to fight recklessly!
You are too injured to fight recklessly!
You are too injured to fight recklessly!
You are too injured to fight recklessly!
You are too injured to fight recklessly!
You are too injured to fight recklessly!
You are too injured to fight recklessly!
The wight attacks as you move away!
The wight hits you with a +0 long sword.
* * * LOW HITPOINT WARNING * * *
The wight attacks as you move away! The wight barely misses you.
There is a stone staircase leading up here.
The wight hits you with a +0 long sword!
* * * LOW HITPOINT WARNING * * *
The wight hits you from afar with a +0 spear!
You die...

.###.#
........###
.........#
..........
.. ........
....
.......#
.....###...#
.......@z5#
.......zz.#
........z.#
..=.......#
.........##
.........#
.#.......#
###....##
#....


You could see 4 wights and an ufetubus.

Vanquished Creatures
  A black bear (D:4)
  A phantom (D:5)
  2 hounds (D:4)
  An orc priest (D:5)
  A gnoll bouda (D:5)
  2 iguanas
  3 orc wizards (D:5)
  10 adders
  6 gnolls (D:5)
  A white imp (D:5)
  3 worms
  5 dart slugs
  7 orcs (D:5)
  5 bats
  11 endoplasms
  7 giant cockroaches
  6 hobgoblins
  4 jackals
  5 kobolds
  3 quokkas
  3 ball pythons
  2 frilled lizards
  3 goblins
  10 rats
102 creatures vanquished.

Notes
Turn   | Place    | Note
-------+----------+-------------------------------------------
     0 | D:1      | Anon1729 the Minotaur Monk began the quest for the Orb.
     0 | D:1      | Reached XP level 1. HP: 19/19 MP: 0/0
   150 | D:1      | Reached XP level 2. HP: 27/27 MP: 1/1
   288 | D:1      | Reached skill level 1 in Armour
   378 | D:1      | Found Fenlod's Jewellery Boutique.
   655 | D:1      | Reached skill level 1 in Invocations
   655 | D:1      | Reached XP level 3. HP: 20/33 MP: 2/2
  1554 | D:2      | Reached XP level 4. HP: 28/40 MP: 2/4
  2397 | D:3      | Found a stormy altar of Qazlal.
  3162 | D:4      | Noticed a black bear
  3177 | D:4      | Killed a black bear
  3178 | D:4      | Reached XP level 5. HP: 26/47 MP: 5/5
  3276 | D:4      | Found a snail-covered altar of Cheibriados.
  3302 | D:4      | Found a runed translucent door.
  3304 | D:4      | Noticed t4s4d4r's ghost (amateur DgFi)
  3450 | D:4      | Reached XP level 6. HP: 41/55 MP: 6/6
  3665 | D:4      | Found a runed translucent door.
  3839 | D:5      | Entered Level 5 of the Dungeon
  3932 | D:5      | Reached skill level 5 in Fighting
  4032 | D:5      | Found a staircase to the Ecumenical Temple.
  4145 | D:5      | Reached XP level 7. HP: 26/61 MP: 8/8
  4157 | D:5      | Reached skill level 5 in Dodging
  4164 | D:5      | Reached skill level 5 in Short Blades
  4379 | Temple   | Entered the Ecumenical Temple
  4384 | Temple   | Became a worshipper of Uskayaw the Reveller
  4384 | Temple   | Reached * piety under Uskayaw
  4518 | D:5      | Reached ** piety under Uskayaw
  4735 | D:5      | Found Poravemn's Lightly-Used Armoury.
  4743 | D:5      | Bought a -3 quick blade for 1 gold piece
  5004 | D:6      | Slain by a wight

Illustrated notes

Levels and vault maps discovered:
D:1:      scummos_arrival_checkerplants, layout_basic, serial_shops, shop
D:2:      layout_loops_corners, grunt_ministairs_2
D:3:      layout_loops_ring, lemuel_coloured_pillars_altar
D:4:      layout_cave_pools, lemuel_crystal_altar, ebering_ghost_sewer_f,
          grunt_ministairs_4, dreamdust_wishing_well,
          hangedman_abyss_or_decor_lesser_grid
D:5:      layout_basic, minmay_temple_entry_slanted, grunt_ministairs_3,
          minmay_shop_damaged, minmay_manual_mail
D:6:      layout_cave_pools, mainiacjoe_overflow_catwalk, portal_sewer_entry_f
Temple:   minmay_freezing_vapour_temple

Skill      XL: |  1  2  3  4  5  6  7 |
---------------+----------------------+-----
Armour         | 1 2 3 4 |  4.0
Invocations    | 1 2 3 |  3.2
Fighting       | 4 5 |  5.6
Dodging        | 4 5 |  5.2
Short Blades   | 4 5 |  5.2

Action                     |  1- 3 |  4- 6 |  7- 9 || total
---------------------------+-------+-------+-------++-------
  Melee: Short sword       |    89 |   171 |    21 ||   281
         Headbutt          |    22 |    48 |    20 ||    90
         Dagger            |       |       |    45 ||    45
 Armour: Robe              |    26 |    41 |     9 ||    76
  Dodge: Dodged            |    53 |   101 |    45 ||   199

Table legend: (Time is in decaauts)
 A = Elapsed time spent in this place.
 B = Non-inter-level travel time spent in this place.
 C = Inter-level travel time spent in this place.
 D = Time resting spent in this place.
 E = Time spent auto-exploring this place.
 F = Levels seen in this place.
 G = Mean time per level.
                   A        B        C        D        E       F      G
               +--------+--------+--------+--------+--------+-----+--------+
         Total |   4930 |   4521 |    409 |     51 |   3761 |   7 |  704.3 |
       Dungeon |   4884 |   4480 |    404 |     15 |   3761 |   6 |  814.0 |
        Temple |     46 |     41 |      5 |     36 |      0 |   1 |   46.0 |
               +--------+--------+--------+--------+--------+-----+--------+

Top non-repeatable levels by time:
     D:1: 1253 daAuts
     D:5: 1078 daAuts
     D:2: 951 daAuts
     D:3: 887 daAuts
     D:4: 704 daAuts
  Temple: 46 daAuts
     D:6: 8 daAuts
